 Dungeon Crawl Stone Soup version 0.30-a0-578-gdee14c521f (webtiles) character file.

Game seed: 12805812408266891439

1712 PyroL the Changer (level 9, -7/62 HPs)
             Began as an Octopode Transmuter on Jan 1, 2023.
             Was an Initiate of Gozag.
             Mangled by an orc warrior
             ... wielding a +4 glaive
              (15 damage)
             ... in a bailey.
             The game lasted 00:14:38 (5581 turns).

PyroL the Changer (Octopode Transmuter)             Turns: 5581, Time: 00:14:38

Health: -7/62      AC:  2    Str:  9    XL:     9   Next: 4%
Magic:  8/12       EV: 21    Int: 19    God:    Gozag
Gold:   647        SH:  0    Dex: 18    Spells: 6/12 levels left

rFire   . . .      SeeInvis .      - Unarmed
rCold   . . .      Faith    .    (shield currently unavailable)
rNeg    . . .      Spirit   .    (helmet currently unavailable)
rPois   x          Reflect  .    t - amulet of regeneration
rElec   .          Harm     .    (no ring)
rCorr   .          Rampage  .    (no ring)
Will    .....                    (no ring)
Stlth   ++                       (no ring)
HPRegen 1.10/turn                (no ring)
MPRegen 0.13/turn                (no ring)
                                 (no ring)
                                 (no ring)

@: spider-form, wereblooded, gold aura
A: venomous fangs, almost no armour, (amphibious), 8 rings, tiny, (camouflage
1), (gelatinous body 1), (nimble swimmer 1), (tentacles)
a: End Transformation, Renounce Religion, Potion Petition, Call Merchant, Bribe
Branch


You were in a bailey.
You worshipped Gozag.
Gozag was pleased with you.
You were a venomous arachnid creature.
You visited 1 branch of the dungeon, and saw 7 of its levels.
You also visited: Bailey.

You collected 692 gold pieces.
You paid 45 gold pieces to Gozag.

Inventory:

Hand Weapons
 n - the +8 trident of the Octopus King (melded) {venom, rElec rPois}
   (You found it on level 2 of the Dungeon)

   It poisons the flesh of those it strikes.
   rElec:     It insulates you from electricity.
   rPois:     It protects you from poison.
Missiles
 d - 11 poisoned darts
 x - a throwing net
Jewellery
 f - a ring of ice
 t - an amulet of regeneration (around neck)
Wands
 i - a wand of roots (6)
 o - a wand of quicksilver (14)
 v - a wand of charming (12)
Scrolls
 b - 2 scrolls of enchant weapon
 c - 2 scrolls of poison
 e - a scroll of butterflies
 g - a scroll of identify
 h - a scroll of amnesia {unknown}
 k - 2 scrolls of fog
 m - a scroll of vulnerability {unknown}
 p - a scroll of enchant armour {unknown}
 r - 2 scrolls of magic mapping {unknown}
 u - 2 scrolls of teleportation
Potions
 a - 2 potions of lignification
 j - a potion of might
 l - 2 potions of curing
 q - 4 potions of heal wounds
 s - a potion of haste
 w - a potion of magic {unknown}
 z - a potion of experience {unknown}


   Skills:
 + Level 5.6 Fighting
 - Level 4.0 Dodging
 - Level 5.0 Unarmed Combat
 - Level 2.0 Spellcasting
 - Level 1.3 Hexes
 + Level 7.6 Transmutations
 - Level 3.0 Poison Magic


You had 6 spell levels left.
You knew the following spells:

 Your Spells              Type           Power      Damage    Failure   Level
a - Beastly Appendage     Tmut           60%        N/A       4%          1
b - Wereblood             Tmut           30%        N/A       5%          2
c - Spider Form           Tmut/Pois      22%        N/A       17%         3

Your spell library contained the following spells:

 Spells                   Type           Power      Damage    Failure   Level
 Ice Form                 Ice/Tmut       16%        N/A       56%         4
 Ozocubu's Armour         Ice            1%         N/A       67%         3
 Ozocubu's Refrigeration  Ice            0%         4d7       100%        7


Dungeon Overview and Level Annotations

Branches:
Dungeon (7/15)             Temple (0/1) D:5          Bailey (1/1)

Altars:
Gozag
Nemelex Xobeh
Okawaru
Sif Muna
Trog
The Shining One

Annotations:
D:4 Menkaure
D:6 Grinder


Innate Abilities, Weirdness & Mutations

You are a venomous arachnid creature.
You have poisonous fangs.
You are tiny and dextrous.
Your spellcasting is less reliable in this form.
Your armour is entirely melded.
You are incapable of wielding weapons or throwing items.
You cannot wear most types of armour.
((You are amphibious.))
You can wear up to eight rings at the same time.
((Your skin changes colour to match your surroundings (Stealth+).))
((Your rubbery body absorbs attacks. (AC +1, EV +1)))
((You are camouflaged when in or above water. (Stealth+)))
((You have tentacles for arms and can constrict up to eight enemies at once.))


Message History

You turn into a venomous arachnid creature.
The +8 trident of the Octopus King {venom, rElec rPois} melds into your body.
The +8 trident of the Octopus King {venom, rElec rPois} stops dripping with poison.
The orc shouts! x2; You hear a shout! x2
An orc comes into view. It is wielding a +0 halberd.
The orc warrior shouts! 2 orcs come into view.
The orc shouts! x3
Casting: Spider Form (dangerous; 17% risk of failure)
Confirm with . or Enter, or press ? or * to list all spells.
Your blood is infused with primal strength.
The orc closely misses you. The orc misses you. The orc closely misses you. x2
The orc curses loudly, as Orcs often do.
The orc hits you from afar with a +0 spear.
You bite the orc!
You feel a bit better.
You kill the orc!
You completely miss the orc. The orc barely misses you. The orc misses you.
The orc hits you from afar with a +0 spear.
The orc warrior hits you from afar with a +4 glaive!
You hit the orc.
The orc is poisoned.
The orc is moderately wounded.
You hiss as the wereblood boils in your veins!
The orc completely misses you.
The orc is distracted by your dazzling golden aura.
The orc hits you from afar with a +0 spear.
The orc warrior hits you from afar with a +4 glaive!!
* * * LOW HITPOINT WARNING * * *
The orc shouts!
The orc is no longer distracted by gold.
The orc misses you. The orc barely misses you.
The orc hits you from afar with a +0 halberd.
* * * LOW HITPOINT WARNING * * *
The orc barely misses you. The orc warrior barely misses you.
You barely miss the orc. The orc hits you with a +0 halberd!
* * * LOW HITPOINT WARNING * * *
The orc completely misses you. The orc misses you.
The orc warrior hits you from afar with a +4 glaive!
You die...
Your body crumbles into a pile of gold.

$$$ ..
###'##
##.....##
#.......#
.....o# #
..ooo# #.
#.#oo#
#.##8##s#
#..#.#..#
#.......#
#.......#
#∩.....∩#
#.......#
##..∩..##
#######


You could see an orc warrior and 5 orcs.

Vanquished Creatures
  Sigmund (D:6)
  Eustachio (D:6)
  An orc warrior (D:5)
  A centaur (D:6)
  4 ogres
  2 bullfrogs
  A scorpion (D:6)
  5 hounds
  2 jellies (D:5)
  A gnoll bouda (D:6)
  2 orc priests
  2 iguanas
  5 orc wizards
  Robin (D:4)
  8 adders
  3 gnolls (D:6)
  A shadow imp (D:6)
  A white imp (D:7)
  4 worms
  2 dart slugs (D:1)
  19 orcs
  5 endoplasms
  A giant cockroach (D:1)
  20 goblins
  12 hobgoblins
  6 quokkas
  10 ball pythons
  6 bats
  5 frilled lizards
  10 kobolds
  5 rats
147 creatures vanquished.

Vanquished Creatures (others)
  A wizard (D:5)
1 creature vanquished.

Grand Total: 148 creatures vanquished

Notes
Turn   | Place    | Note
-------+----------+-------------------------------------------
     0 | D:1      | PyroL the Octopode Transmuter began the quest for the Orb.
     0 | D:1      | Reached XP level 1. HP: 13/13 MP: 3/3
    95 | D:1      | Found a faded altar of an unknown god.
   102 | D:1      | Reached XP level 2. HP: 18/18 MP: 3/5
   105 | D:1      | Learned a level 2 spell: Wereblood
   127 | D:1      | Reached skill level 1 in Poison Magic
   135 | D:1      | Reached skill level 1 in Hexes
   410 | D:1      | Reached XP level 3. HP: 22/23 MP: 4/6
  1301 | D:2      | You fall into a shaft and drop 2 floors!
  1313 | D:4      | Learned a level 3 spell: Spider Form
  1334 | D:4      | Reached skill level 3 in Transmutations
  1335 | D:4      | Reached XP level 4. HP: 27/28 MP: 5/7
  1549 | D:4      | Noticed a bullfrog
  1784 | D:2      | Found the +8 trident of the Octopus King {venom, rElec
                  | rPois}
  1957 | D:2      | Reached XP level 5. HP: 33/33 MP: 8/8
  2633 | D:3      | Found a shimmering blue altar of Sif Muna.
  3150 | D:4      | Reached skill level 4 in Transmutations
  3199 | D:4      | Noticed Menkaure
  3246 | D:4      | Reached XP level 6. HP: 39/40 MP: 5/9
  3323 | D:4      | Noticed Robin
  3337 | D:4      | Killed Robin
  3345 | D:4      | Found an opulent altar of Gozag.
  3374 | D:4      | Became a worshipper of Gozag Ym Sagoz the Greedy
  3668 | D:5      | Entered Level 5 of the Dungeon
  3785 | D:5      | Reached skill level 5 in Transmutations
  3850 | D:5      | Found a staircase to the Ecumenical Temple.
  3919 | D:5      | Noticed an orc warrior
  4195 | D:5      | Reached XP level 7. HP: 22/47 MP: 7/10
  4256 | D:5      | Reached skill level 6 in Transmutations
  4419 | D:5      | Found a bloodstained altar of Trog.
  4420 | D:5      | Noticed a wizard
  4426 | D:5      | Killed a wizard
  4501 | D:6      | Noticed Eustachio
  4545 | D:6      | Killed Eustachio
  4581 | D:6      | Noticed Sigmund
  4596 | D:6      | Found a sparkling altar of Nemelex Xobeh.
  4607 | D:6      | Reached XP level 8. HP: 51/54 MP: 8/11
  4611 | D:6      | Killed Sigmund
  4665 | D:6      | Reached skill level 5 in Unarmed Combat
  4745 | D:6      | Found a glowing golden altar of the Shining One.
  5106 | D:6      | Noticed Grinder
  5134 | D:6      | Reached skill level 5 in Fighting
  5134 | D:6      | Reached skill level 7 in Transmutations
  5449 | D:7      | Reached XP level 9. HP: 39/61 MP: 9/12
  5488 | D:7      | Found an iron altar of Okawaru.
  5553 | D:7      | Found a flagged portal.
  5565 | Bailey   | Entered a bailey
  5581 | Bailey   | Mangled by an orc warrior

Illustrated notes

Levels and vault maps discovered:
D:1:      minmay_arrival_jagged, layout_loops_cross,
          ebering_ecumenical_altar_webs, minmay_misc_feat_square, st_stairs_7
D:2:      wad_crossroads, layout_loops_ring, chequers_serial_rivers_marsh,
          patterned_corridor
D:3:      layout_basic, mainiacjoe_overflow_alcove_1, mrwooster_statue_mirror,
          st_stairs_13, kennysheep_cross_room, nrook_loot_triangle
D:4:      layout_loops_ring, old_standard_altar, kennysheep_generic_room_13,
          uniq_robin, uniq_menkaure
D:5:      layout_rooms, trog_wizard, minmay_temple_entry_statues_fountains
D:6:      layout_loops_ring, tgw_xom, nemelex_xobeh_ov_fountains_minmay,
          tso_metal_star, kennysheep_generic_room_8, uniq_grinder, uniq_sigmund,
          uniq_eustachio
D:7:      layout_cave_pools, nicolae_overflow_crystal_walls,
          nicolae_qazlal_general_emergency, mainiacjoe_overflow_alcove_4,
          gammafunk_temple_overflow_pools, enter_bailey_3,
          david_defended_altar_orc
Bailey:   bailey_polearm_5, bailey

Skill      XL: |  1  2  3  4  5  6  7  8 |
---------------+-------------------------+-----
Poison Magic   | 1 2 3 |  3.0
Hexes          | 1 |  1.3
Transmutations | 3 4 5 6 7 |  7.6
Fighting       | 2 3 4 5 |  5.6
Dodging        | 3 4 |  4.0
Unarmed Combat | 5 |  5.0
Spellcasting   | |  2.0

Action                   |  1- 3 |  4- 6 |  7- 9 || total
-------------------------+-------+-------+-------++-------
Melee: Unarmed           |    69 |    77 |    90 ||   236
       Constrict         |    25 |    17 |     5 ||    47
       Tentacles         |    17 |    10 |     4 ||    31
       Kick              |    20 |     9 |       ||    29
       Punch             |     4 |     4 |       ||     8
       Trident           |       |    41 |    52 ||    93
 Cast: Beastly Appendage |    27 |     8 |       ||    35
       Spider Form       |       |     5 |    11 ||    16
       Wereblood         |       |     2 |     6 ||     8
  Use: Scroll            |     2 |       |     5 ||     7
       Potion            |       |       |     3 ||     3
 Stab: Sleeping          |    10 |    15 |     2 ||    27
       Distracted        |     1 |       |       ||     1
Armor: Skin              |     3 |     4 |    17 ||    24
Dodge: Dodged            |    40 |    78 |   177 ||   295

Table legend: (Time is in decaauts)
 A = Elapsed time spent in this place.
 B = Non-inter-level travel time spent in this place.
 C = Inter-level travel time spent in this place.
 D = Time resting spent in this place.
 E = Time spent auto-exploring this place.
 F = Levels seen in this place.
 G = Mean time per level.
                   A        B        C        D        E       F      G
               +--------+--------+--------+--------+--------+-----+--------+
         Total |   5592 |   5354 |    238 |    418 |   3672 |   8 |  699.0 |
       Dungeon |   5576 |   5338 |    238 |    418 |   3668 |   7 |  796.6 |
        Bailey |     15 |     15 |      0 |      0 |      4 |   1 |   15.0 |
               +--------+--------+--------+--------+--------+-----+--------+

Top non-repeatable levels by time:
     D:2: 1132 daAuts
     D:1: 961 daAuts
     D:6: 883 daAuts
     D:5: 862 daAuts
     D:4: 807 daAuts
     D:3: 767 daAuts
     D:7: 162 daAuts
  Bailey: 15 daAuts
